 Dungeon Crawl Stone Soup version 0.32-a0-42-ga30500b4d3 (webtiles) character file.

Game seed: 2588260463809658951

321 IdlyInterested the Shield-Bearer (level 6, -3/48 HPs)
             Began as a Demonspawn Fighter on Jan 29, 2024.
             Slain by Edmund
             ... wielding a +3 flail of holy wrath
              (5 damage)
             ... on level 4 of the Dungeon.
             The game lasted 00:11:15 (3564 turns).

IdlyInterested the Shield-Bearer (DsFi)             Turns: 3564, Time: 00:11:16

Health: -3/48      AC:  7    Str: 18    XL:     6   Next: 22%
Magic:  6/6        EV: 14    Int:  8    God:
Gold:   50         SH:  5    Dex: 13    Spells: 5/5 levels left

rFire   . . .        a - +0 trident
rCold   . . .        c - +0 buckler
rNeg    + . .        b - +0 scale mail
rPois   .            (helmet restricted)
rElec   .            d - +0 cloak
rCorr   .            (no gloves)
SInv    .            (no boots)
Will    .....        (no amulet) Stlth
                     s - +5 ring of evasion
HPRegen 0.28/turn    x - ring of positive energy
MPRegen 0.20/turn

%: no passive effects
@: hasted, very quick
A: antennae 2, magic regeneration
a: no special abilities


You were on level 4 of the Dungeon.
You visited 1 branch of the dungeon, and saw 4 of its levels.

You collected 138 gold pieces.
You spent 88 gold pieces at shops.

Inventory:

Hand Weapons
 a - a +0 trident (weapon)
Missiles
 g - 22 stones (quivered)
 y - a throwing net
Armour
 b - a +0 scale mail (worn)
 c - a +0 buckler (worn)
 d - a +0 cloak (worn)
 w - a +0 kite shield
Magical Staves
 p - a staff of fire
Jewellery
 q - a ring of fire
 s - a +5 ring of evasion (left hand)
 x - a ring of positive energy (right hand)
Scrolls
 f - a scroll of vulnerability
 j - a scroll of enchant weapon {unknown}
 k - a scroll of brand weapon
 l - a scroll of teleportation {unknown}
 t - a scroll of enchant armour {unknown}
Potions
 e - a potion of curing
 h - a potion of brilliance
 i - 3 potions of attraction
 m - a potion of resistance {unknown}
 u - a potion of haste
 v - a potion of enlightenment {unknown}


   Skills:
 - Level 4.0 Fighting
 - Level 2.0 Polearms
 - Level 1.0 Throwing
 - Level 3.0 Armour
 - Level 1.0 Dodging
 - Level 1.0 Stealth
 * Level 4.9 Shields
 - Level 1.0 Evocations
 - Level 1.0 Shapeshifting


You had 5 spell levels left.
You didn't know any spells.
Your spell library contained the following spells:

 Spells                   Type           Power      Damage    Failure   Level
 Kiss of Death            Conj/Necr      0%         2d5       86%         1
 Dispel Undead            Necr           0%         3d6       100%        4
 Curse of Agony           Necr           0%         N/A       100%        5


Dungeon Overview and Level Annotations

Branches:
Dungeon (4/15)
 Temple: D:4-7

Altars:
Ashenzari

Shops:
D:1 *

Annotations:
D:4 Edmund


Innate Abilities, Weirdness & Mutations

You have a pair of antennae on your head.
You regenerate magic rapidly.


Message History

Edmund is moderately wounded.
Edmund hits you with a +3 flail of holy wrath.
You convulse.
You closely miss Edmund.
Edmund is moderately wounded.
Edmund hits you with a +3 flail of holy wrath.
You convulse.
Edmund misses you.
You hit Edmund.
Edmund is heavily wounded.
Edmund hits you with a +3 flail of holy wrath.
You convulse.
You barely miss Edmund.
Edmund is heavily wounded.
Edmund closely misses you.
You closely miss Edmund.
Edmund is heavily wounded.
Edmund hits you with a +3 flail of holy wrath.
You convulse.
* * * LOW HITPOINT WARNING * * *
You barely miss Edmund.
Edmund is moderately wounded.
Edmund closely misses you.
It was a potion of haste.
You feel yourself speed up.
Edmund hits you with a +3 flail of holy wrath!
* * * LOW HITPOINT WARNING * * *
You convulse.
* * * LOW HITPOINT WARNING * * *
You closely miss Edmund.
Edmund is moderately wounded.
Edmund barely misses you.
You barely miss Edmund.
Edmund is moderately wounded.
You block Edmund's attack.
You closely miss Edmund.
Edmund is moderately wounded.
Edmund hits you with a +3 flail of holy wrath.
* * * LOW HITPOINT WARNING * * *
You convulse.
You die...
Edmund says, "I'd like to see a scythe do that!"

.##..#..# ..#..#..# #.
........#######.##
........#...<....#
.##........# #..#
.##........####..#
.#####...........# .#
#.....#####@# .. .#
##.........@##....
.######...#####.........
.....†.†....†...........
.######..##.........##..
.....##........$#
#####.##.........#
#..+.........#
#.##........$#
#.########.....


You could see Edmund.

Vanquished Creatures
  A scorpion (D:3)
  A bombardier beetle (D:4)
  Crazy Yiuf (D:3)
  Natasha (thrice) (D:3)
  6 adders
  2 ribbon worms
  A dart slug (D:1)
  4 endoplasms
  5 giant cockroaches
  5 goblins
  9 hobgoblins
  4 kobolds
  3 quokkas (D:2)
  5 ball pythons
  5 bats
  2 frilled lizards (D:1)
  9 rats
66 creatures vanquished.

Notes
Turn   | Place    | Note
-------+----------+-------------------------------------------
     0 | D:1      | IdlyInterested the Demonspawn Fighter began the quest for
                  | the Orb.
     0 | D:1      | Reached XP level 1. HP: 18/18 MP: 1/1
   133 | D:1      | Found Deujev's Assorted Antiques.
   150 | D:1      | Gained mutation: You have a pair of small antennae on your
                  | head. [demonic ancestry]
   150 | D:1      | Reached XP level 2. HP: 24/24 MP: 2/2
   539 | D:1      | Reached XP level 3. HP: 29/29 MP: 3/3
   781 | D:2      | Got the Information on Iniquitous Rites
   907 | D:2      | Reached skill level 1 in Dodging
  1465 | D:2      | Gained mutation: You regenerate magic rapidly. [demonic
                  | ancestry]
  1465 | D:2      | Reached XP level 4. HP: 35/35 MP: 4/4
  1713 | D:1      | Bought a lumpy blue potion for 28 gold pieces
  1713 | D:1      | Bought a dark potion for 28 gold pieces
  1713 | D:1      | Bought a scroll labelled IWYIGEOSHREGG for 32 gold pieces
  1806 | D:3      | Found a broken altar of Ashenzari.
  1863 | D:3      | Noticed a scorpion
  1891 | D:3      | Killed a scorpion
  1892 | D:3      | Reached skill level 1 in Stealth
  1918 | D:3      | Found a faded altar of an unknown god.
  1934 | D:3      | Reached skill level 1 in Evocations
  1934 | D:3      | Gained mutation: You have a pair of antennae on your head.
                  | [demonic ancestry]
  1934 | D:3      | Reached XP level 5. HP: 31/42 MP: 5/5
  2061 | D:3      | Noticed Natasha
  2077 | D:3      | Killed Natasha
  2248 | D:3      | Found a runed translucent door.
  2249 | D:3      | Noticed Crazy Yiuf
  2260 | D:3      | Killed Crazy Yiuf
  2261 | D:3      | Reached skill level 1 in Throwing
  2850 | D:3      | Noticed Natasha
  2860 | D:3      | Killed Natasha
  3227 | D:3      | Noticed Natasha
  3235 | D:3      | Killed Natasha
  3378 | D:4      | Reached XP level 6. HP: 47/48 MP: 6/6
  3432 | D:4      | Reached skill level 1 in Shapeshifting
  3439 | D:4      | HP: 1/48 [burnt (4)]
  3552 | D:4      | Noticed Edmund
  3564 | D:4      | HP: 2/48 [Edmund/+3 flail of holy wrath (4)]
  3564 | D:4      | Slain by Edmund

Illustrated notes

Levels and vault maps discovered:
D:1:      ncdulo_smallfort, layout_basic, serial_shops, shop
D:2:      layout_loops_corners
D:3:      layout_basic, mainiacjoe_overflow_brackets,
          shapermc_ecumenical_altar_ellora, uniq_crazy_yiuf_cottage,
          uniq_natasha
D:4:      dreamdust_elfheim, layout_basic, uniq_edmund

Skill      XL: |  1  2  3  4  5  6 |
---------------+-------------------+-----
Polearms       | 2 |  2.0
Armour         | 3 |  3.0
Shields        | 3 4 |  4.9
Dodging        | 1 |  1.0
Stealth        | 1 |  1.0
Evocations     | 1 |  1.0
Fighting       | 4 |  4.0
Throwing       | 1 |  1.0
Shapeshifting  | 1 |  1.0

Action                     |  1- 3 |  4- 6 || total
---------------------------+-------+-------++-------
  Melee: Trident           |   164 |   128 ||   292
    Use: Potion            |     3 |     5 ||     8
         Scroll            |     2 |     1 ||     3
 Armour: Scale mail        |   108 |    80 ||   188
  Dodge: Dodged            |    81 |    73 ||   154
  Block: Buckler           |    38 |    33 ||    71

Table legend: (Time is in decaauts)
 A = Elapsed time spent in this place.
 B = Non-inter-level travel time spent in this place.
 C = Inter-level travel time spent in this place.
 D = Time resting spent in this place.
 E = Time spent auto-exploring this place.
 F = Levels seen in this place.
 G = Mean time per level.
                   A        B        C        D        E       F      G
               +--------+--------+--------+--------+--------+-----+--------+
         Total |   3622 |   3113 |    509 |    530 |   1804 |   4 |  905.5 |
       Dungeon |   3622 |   3113 |    509 |    530 |   1804 |   4 |  905.5 |
               +--------+--------+--------+--------+--------+-----+--------+

Top non-repeatable levels by time:
     D:3: 1564 daAuts
     D:2: 1012 daAuts
     D:1: 840 daAuts
     D:4: 205 daAuts
